 Dungeon Crawl Stone Soup version 0.17.0-73-gb648821 (console) character file.

917 Kloppie the Blocker (level 7, 0/63 HPs)
             Began as a Minotaur Fighter on Dec 10, 2015.
             Was a Believer of the Shining One.
             Slain by a giant frog (6 damage)
             ... on level 5 of the Dungeon.
             The game lasted 00:07:12 (3926 turns).

Kloppie the Blocker (Minotaur Fighter)              Turns: 3926, Time: 00:07:13

Health: 0/63       AC:  9    Str: 20    XL:     7   Next: 83%
Magic:  6/6        EV:  8    Int:  5    God:    the Shining One [**....]
Gold:   114        SH: 11    Dex: 12    Spells: 0 memorised, 6 levels left

rFire  . . .     SeeInvis .     y - +0 war axe
rCold  . . .     Clarity  .     b - +0 scale mail
rNeg   + . .     SustAt   .     c - +0 shield
rPois  .         Gourm    .     (helmet restricted)
rElec  .         Spirit   .     (no cloak)
rCorr  .         Warding  .     (no gloves)
rMut   .         Stasis   .     x - +1 pair of boots
MR     .....                    (no amulet)
Stlth  ..........               (no ring)
                                (no ring)

@: lethally poisoned (0 -> -26), very slightly contaminated, hasted, glowing,
very quick, not resistant to hostile enchantments, extremely unstealthy
A: retaliatory headbutt, horns 2
a: Divine Shield, Renounce Religion


You were on level 5 of the Dungeon.
You worshipped the Shining One.
The Shining One was pleased with you.
You were not hungry.

You visited 1 branch of the dungeon, and saw 6 of its levels.

You collected 114 gold pieces.

Inventory:

Hand Weapons
 a - a +0 flail
 w - a +0 hand axe
 y - a +0 war axe (weapon)
Armour
 b - a +0 scale mail (worn)
 c - a +0 shield (worn)
 x - a +1 pair of boots (worn)
Jewellery
 n - an uncursed ring of wizardry {unknown}
 z - an uncursed amulet of clarity {unknown}
Wands
 v - a wand of frost (26)
Scrolls
 g - 6 scrolls of identify {unknown}
 h - 3 scrolls of remove curse {unknown}
 j - 2 scrolls of teleportation {unknown}
 k - 4 scrolls of fear {unknown}
 o - a scroll of enchant armour {unknown}
 r - a scroll of magic mapping {unknown}
 s - a scroll of enchant weapon {unknown}
Potions
 d - a potion of cure mutation {unknown}
 i - 2 potions of haste
 l - a potion of magic
 q - a potion of mutation {unknown}
 t - 2 potions of curing {unknown}
 C - a potion of heal wounds {unknown}
Books
 m - a book of Alchemy

   Spells                             Type                      Level
   a - Sublimation of Blood           Necromancy                   2
   b - Ignite Poison                  Fire/Transmutation/Poison    3
   c - Alistair's Intoxication        Transmutation/Poison         4
   d - Condensation Shield            Ice                          4
   e - Petrify                        Transmutation/Earth          4
   f - Irradiate                      Conjuration/Transmutation    5
 u - a book of Conjurations

   Spells                             Type                      Level
   a - Magic Dart                     Conjuration                  1
   b - Searing Ray                    Conjuration                  2
   c - Dazzling Spray                 Conjuration/Hexes            3
   d - Fulminant Prism                Conjuration/Hexes            4
   e - Iskenderun's Mystic Blast      Conjuration                  4
   f - Iskenderun's Battlesphere      Conjuration/Charms           5
 A - a Necronomicon

   Spells                             Type                      Level
   a - Haunt                          Necromancy/Summoning         7
   b - Borgnjor's Revivification      Necromancy                   8
   c - Death's Door                   Charms/Necromancy            8
   d - Necromutation                  Transmutation/Necromancy     8
   The Shining One disapproves of the use of such an item.
Comestibles
 e - 8 bread rations
 f - 13 fruits
 p - 6 meat rations
 B - a chunk of flesh


   Skills:
 - Level 6.0 Fighting
 + Level 1.3(4.0) Axes
 - Level 5.9(6.0) Maces & Flails
 - Level 3.6 Armour
 + Level 8.5 Shields


You had 6 spell levels left.
You didn't know any spells.

Dungeon Overview and Level Annotations

Branches:
Dungeon (6/15)             Temple (0/1) D:5

Altars:
Nemelex Xobeh
Trog
Zin
The Shining One

Shops:
D:4 (


Innate Abilities, Weirdness & Mutations

You reflexively headbutt those who attack you in melee.
You have a pair of horns on your head.


Message History

The poisoned arrow hits you but does no damage.
You are more poisoned.
The giant frog hits you.
* * * LOW HITPOINT WARNING * * *
You climb upwards.
* * * LOW HITPOINT WARNING * * *
You feel very sick.
There is a stone staircase leading down here.
Drink which item? (? for menu, Esc to quit)
It was a potion of haste.
You feel yourself speed up.
* * * LOW HITPOINT WARNING * * *
You feel very sick. The giant frog hits you.
* * * LOW HITPOINT WARNING * * *
You are very lightly contaminated with residual magic.
Drink which item? (? for menu, Esc to quit)
It was a potion of magic.
Magic courses through your body.
* * * LOW HITPOINT WARNING * * *
You feel sick. The giant frog hits you.
You die...

#......#.#
######....###.#
#######...##....# #.#
#.........##.######.###
#.........##.##.......#
#.........##.##.......##
#.......####.##.........
#.......####.###########
#......@'............)..
#.....F.####.#.######.#.
#.......#....#.# #.#.
#..(..).#'###..# #.#.
############...######.#.
#.....(#<.##...##.<##.#.
#......#...#...#...##)#.
#......##.'#...#..##....
#.......###.....###.####


You could see a giant frog.

Vanquished Creatures
  Grinder (D:3)
  An ice beast (D:5)
  2 scorpions (D:4)
  An orc priest (D:4)
  A giant frog skeleton (D:5)
  An iguana (D:5)
  2 hounds (D:4)
  2 orc wizards
  A centaur skeleton (D:5)
  3 worker ants
  3 gnolls (D:5)
  7 adders
  A shadow imp (D:5)
  2 oozes
  An adder skeleton (D:5)
  6 worms
  A giant gecko (D:2)
  14 orcs
  3 ball pythons
  2 giant cockroaches
  7 hobgoblins
  3 jackals (D:4)
  4 quokkas
  7 bats
  A giant gecko skeleton (D:4)
  6 giant newts
  10 goblins
  8 kobolds
  2 quokka skeletons
  10 rats
113 creatures vanquished.

Notes
Turn   | Place    | Note
--------------------------------------------------------------
     0 | D:1      | Kloppie the Minotaur Fighter began the quest for the Orb.
     0 | D:1      | Reached XP level 1. HP: 19/19 MP: 0/0
   102 | D:1      | Reached XP level 2. HP: 26/26 MP: 1/1
   108 | D:1      | Reached skill level 4 in Shields
   351 | D:1      | Found a sparkling altar of Nemelex Xobeh.
   595 | D:2      | Reached XP level 3. HP: 31/31 MP: 2/2
   641 | D:2      | Found a bloodstained altar of Trog.
   641 | D:2      | Found a glowing golden altar of the Shining One.
   653 | D:2      | Became a worshipper of the Shining One
   897 | D:2      | Found a sparkling altar of Nemelex Xobeh.
  1246 | D:2      | Reached XP level 4. HP: 39/39 MP: 3/3
  1508 | D:3      | Reached skill level 5 in Shields
  2283 | D:3      | Reached * piety under the Shining One
  2288 | D:3      | Reached XP level 5. HP: 45/45 MP: 4/4
  2363 | D:3      | Noticed Grinder
  2370 | D:3      | Killed Grinder
  2370 | D:3      | Reached skill level 5 in Maces & Flails
  2370 | D:3      | Reached skill level 6 in Shields
  2370 | D:3      | Reached XP level 6. HP: 17/51 MP: 5/5
  2694 | D:4      | Found Duetoise's Weapon Boutique.
  2785 | D:4      | Reached skill level 7 in Shields
  3066 | D:4      | Reached XP level 7. HP: 60/60 MP: 6/6
  3119 | D:4      | Reached skill level 5 in Fighting
  3357 | D:5      | Entered Level 5 of the Dungeon
  3450 | D:5      | Reached skill level 8 in Shields
  3457 | D:5      | Found a sparkling altar of Nemelex Xobeh.
  3462 | D:5      | Reached ** piety under the Shining One
  3631 | D:5      | Found a staircase to the Ecumenical Temple.
  3724 | D:5      | Reached skill level 1 in Axes
  3915 | D:6      | Found a glowing silver altar of Zin.
  3926 | D:5      | Slain by a giant frog

Action                   |  1- 3 |  4- 6 |  7- 9 || total
-------------------------+-------+-------+-------++-------
Melee: Flail             |    98 |    78 |       ||   176
       Hand axe          |       |    34 |       ||    34
       War axe           |       |     4 |    76 ||    80
  Use: Potion            |       |     1 |     2 ||     3
  Eat: Chunk             |     1 |     6 |     3 ||    10
